 Dungeon Crawl Stone Soup version 0.23.2-1-ga50397a (webtiles) character file.

Game seed: 8856514429844395791

574 kae the Changer (level 7, -1/48 HPs)
             Began as a Demonspawn Transmuter on May 5, 2019.
             Slain by an orc wizard
             ... wielding a +0 dagger
              (7 damage)
             ... on level 5 of the Dungeon.
             The game lasted 00:07:17 (4930 turns).

kae the Changer (Demonspawn Transmuter)             Turns: 4930, Time: 00:07:18

Health: -1/48      AC:  2    Str: 11    XL:     7   Next: 12%
Magic:  9/11       EV: 19    Int: 14    God:
Gold:   73         SH:  0    Dex: 20    Spells: 5/11 levels left

rFire    . . .     SeeInvis .     - Unarmed
rCold    . . .     Gourm    .   (shield currently unavailable)
rNeg     . . .     Faith    .   (armour currently unavailable)
rPois    x         Spirit   .   (helmet currently unavailable)
rElec    .         Reflect  .   (cloak currently unavailable)
rCorr    .         Harm     .   (gloves currently unavailable)
MR       .....                  (boots currently unavailable)
Stlth    ++........             (no amulet)
HPRegen  0.16/turn              (no ring)
MPRegen  0.12/turn              (no ring)

@: spider-form, slowed, very slow
A: tiny
a: End Transformation


You were on level 5 of the Dungeon.
You were not hungry.
You were a venomous arachnid creature.
You visited 1 branch of the dungeon, and saw 5 of its levels.

You collected 226 gold pieces.
You spent 153 gold pieces at shops.

Inventory:

Missiles
 a - 80 arrows
Armour
 b - a +0 robe (melded)
 k - a +0 cloak (melded)
Scrolls
 c - 4 scrolls of teleportation
 e - a scroll of enchant weapon {unknown}
 h - a scroll of identify
Potions
 g - 2 potions of invisibility
 i - a potion of ambrosia
 l - a potion of berserk rage
 m - 5 potions of curing
 n - a potion of lignification
 o - a potion of brilliance
Comestibles
 d - 16 rations


   Skills:
 - Level 1.0 Fighting
 - Level 1.7 Dodging
 * Level 4.1 Unarmed Combat
 + Level 2.9 Spellcasting
 + Level 5.6 Transmutations
 - Level 2.0 Poison Magic


You had 5 spell levels left.
You knew the following spells:

 Your Spells              Type           Power        Failure   Level  Hunger
a - Beastly Appendage     Tmut           ###...       9%          1    #......
b - Sticks to Snakes      Tmut           ###.....     11%         2    ##.....
c - Spider Form           Tmut/Pois      ##........   32%         3    ###....

Your spell library contained the following spells:

 Spells                   Type           Power        Failure   Level  Hunger
 Blade Hands              Tmut           ###.......   73%         5    ######.
 Ice Form                 Ice/Tmut       #.......     77%         4    #####..


Dungeon Overview and Level Annotations

Branches:
Dungeon (5/15)
 Temple: D:4-7

Altars:
Fedhas
Nemelex Xobeh

Shops:
D:4 (=*!=*

Annotations:
D:4 3 runed translucent doors, exclusion: centaur, Valentain's ghost, amateur DDNe


Innate Abilities, Weirdness & Mutations

((You have a pair of small horns on your head.))
((You are completely covered in iridescent scales. (AC +6)))


Message History

The magic dart hits you.
The orc wizard casts a spell.
The orc wizard seems to speed up.
Things that are here:
a +0 dagger; a +0 robe The orc wizard points at you and mumbles some strange words.
You feel yourself slow down. The orc wizard barely misses you.
You hit the orc wizard.
The orc wizard is poisoned.
The orc wizard is moderately wounded.
The orc wizard casts a spell at you. The magic dart hits you!
An orc priest comes into view. It is wielding a +0 trident.
The orc wizard hits you with a +0 dagger.
You hit the orc wizard.
The orc wizard is heavily wounded.
The orc priest mumbles some strange prayers to Beogh against you.
Beogh smites you!
* * * LOW HITPOINT WARNING * * *
The orc wizard hits you with a +0 dagger!
You die...

... o...# #.#### ## #.#
#. #.# ....... #.# #.#
.#o#.#.##.# #.# ...
#.##.# #.# #.# #.##.#
#.# #.# #.##.# #.#
#########.# #.##.###.#
# #...<...os#
#.#...##.#####
##.#########
#.#).........)
##.#.#####
##.#...##.#####
#.###....#
##.#.#.##...## #
##.#.###.#
##.###........# # ##.##
#.# #.## ##.##...## #
######.####.###..###.##
# #...........#.#.# ###
# #.###.#####..##.#


You could see an orc priest and an orc wizard.

Vanquished Creatures
  Menkaure (D:5)
  A centaur (D:5)
  A scorpion (D:4)
  2 hounds
  Crazy Yiuf (D:2)
  An orc wizard (D:5)
  A worker ant (D:4)
  Terence (D:2)
  A worker ant zombie (D:3)
  8 adders
  A shadow imp (D:5)
  3 worms
  A dart slug (D:4)
  3 leopard geckos
  3 orcs (D:5)
  A ball python (D:1)
  6 bats
  2 giant cockroaches (D:1)
  5 goblins (D:3)
  5 hobgoblins
  16 jackals
  6 frilled lizards
  A jackal skeleton (D:4)
  6 kobolds
  4 rats
81 creatures vanquished.

Vanquished Creatures (collateral kills)
  An adder (D:3)
  2 goblins (D:1)
  3 jackals (D:1)
  A bat (D:3)
7 creatures vanquished.

Grand Total: 88 creatures vanquished

Notes
Turn   | Place    | Note
-------+----------+-------------------------------------------
     0 | D:1      | kae the Demonspawn Transmuter began the quest for the Orb.
     0 | D:1      | Reached XP level 1. HP: 15/15 MP: 3/3
    10 | D:1      | Reached skill level 2 in Transmutations
   166 | D:1      | Gained mutation: You are partially covered in iridescent
                  | scales. (AC +2) [demonic ancestry]
   166 | D:1      | Reached XP level 2. HP: 21/21 MP: 5/5
   174 | D:1      | Learned a level 2 spell: Sticks to Snakes
   580 | D:1      | Reached skill level 3 in Transmutations
   641 | D:1      | Gained mutation: You are mostly covered in iridescent
                  | scales. (AC +4) [demonic ancestry]
   641 | D:1      | Reached XP level 3. HP: 14/26 MP: 1/6
  1442 | D:2      | Reached XP level 4. HP: 28/32 MP: 5/7
  1446 | D:2      | Reached skill level 4 in Transmutations
  1536 | D:2      | Found a runed translucent door.
  1537 | D:2      | Noticed Crazy Yiuf
  1764 | D:2      | Noticed Terence
  1837 | D:1      | Learned a level 3 spell: Spider Form
  1873 | D:2      | Killed Terence
  2186 | D:2      | Killed Crazy Yiuf
  2186 | D:2      | Gained mutation: You have a pair of small horns on your
                  | head. [demonic ancestry]
  2186 | D:2      | Reached XP level 5. HP: 37/37 MP: 5/8
  2510 | D:3      | Reached skill level 5 in Transmutations
  3584 | D:4      | Found a blossoming altar of Fedhas.
  3585 | D:4      | Noticed a centaur
  3611 | D:4      | Found Bafisyuss's Weapon Shop.
  3712 | D:4      | Found Gioshoa's General Store.
  3792 | D:4      | Found Jaluelugyts's Distillery.
  3800 | D:4      | Bought a potion of lignification for 39 gold pieces
  3800 | D:4      | Bought a potion of curing for 39 gold pieces
  3838 | D:4      | Reached XP level 6. HP: 22/43 MP: 9/9
  4054 | D:4      | Found a runed translucent gate.
  4054 | D:4      | Noticed Valentain's ghost (amateur DDNe)
  4055 | D:4      | Found a runed translucent gate.
  4055 | D:4      | Found a runed translucent gate.
  4100 | D:4      | Found Xopu's General Store.
  4103 | D:4      | Bought a scroll of teleportation for 39 gold pieces
  4144 | D:4      | Bought a potion of curing for 36 gold pieces
  4278 | D:4      | Found Tar Nogew's Jewellery Shop.
  4388 | D:4      | Reached skill level 1 in Poison Magic
  4483 | D:4      | Found Sazxedu's Jewellery Shoppe.
  4547 | D:5      | Entered Level 5 of the Dungeon
  4640 | D:5      | Found a sparkling altar of Nemelex Xobeh.
  4726 | D:5      | Noticed Menkaure
  4748 | D:5      | Killed Menkaure
  4748 | D:5      | Gained mutation: You are completely covered in iridescent
                  | scales. (AC +6) [demonic ancestry]
  4748 | D:5      | Reached XP level 7. HP: 48/48 MP: 4/11
  4930 | D:5      | Slain by an orc wizard

Skill      XL: |  1  2  3  4  5  6  7 |
---------------+----------------------+-----
Transmutations | 2 3 4 5 |  5.6
Unarmed Combat | 3 4 |  4.1
Poison Magic   | 1 2 |  2.0
Fighting       | |  1.0
Dodging        | |  1.7
Spellcasting   | |  2.9

Action                   |  1- 3 |  4- 6 |  7- 9 || total
-------------------------+-------+-------+-------++-------
Melee: Unarmed           |   116 |   205 |    11 ||   332
       Headbutt          |     2 |    18 |     3 ||    23
       Kick              |    16 |     6 |       ||    22
       Punch             |       |     1 |       ||     1
 Cast: Beastly Appendage |    14 |     8 |       ||    22
       Sticks to Snakes  |     4 |     7 |       ||    11
       Spider Form       |       |     6 |     1 ||     7
  Use: Potion            |     2 |     3 |       ||     5
       Scroll            |       |     8 |       ||     8
 Stab: Sleeping          |       |     4 |       ||     4
       Distracted        |       |     2 |       ||     2
  Eat: Chunk             |     2 |    12 |     1 ||    15
Armor: Robe              |    40 |    58 |     3 ||   101
       Skin              |       |     1 |       ||     1
Dodge: Dodged            |    82 |   122 |     4 ||   208
